 Dungeon Crawl Stone Soup version 0.19.4 (webtiles) character file.

736 DarkTechnomancer the Cleaver (level 7, -1/64 HPs)
             Began as a Hill Orc Fighter on Feb 2, 2017.
             Was an Initiate of Beogh.
             Slain by a centaur (4 damage)
             ... on level 5 of the Dungeon.
             The game lasted 00:09:42 (3530 turns).

DarkTechnomancer the Cleaver (Hill Orc Fighter)     Turns: 3530, Time: 00:09:43

Health: -1/64      AC:  9    Str: 21    XL:     7   Next: 74%
Magic:  7/7        EV: 11    Int:  8    God:    Beogh [......]
Gold:   133        SH:  0    Dex: 10    Spells: 0 memorised, 6 levels left

rFire  . . .     SeeInvis .     a - +0 war axe
rCold  . . .     Gourm    .     k - +3 leather armour
rNeg   . . .     Faith    .     (no shield)
rPois  .         Spirit   .     A - +0 helmet
rElec  .         Reflect  .     (no cloak)
rCorr  .         Harm     .     j - +1 pair of gloves
MR     .....                    (no boots)
Stlth  +.........               r - amulet of regeneration
                                (no ring)
                                (no ring)

@: no status effects
A: no striking features
a: Renounce Religion


You were on level 5 of the Dungeon.
You worshipped Beogh.
Beogh was noncommittal.
You were not hungry.

You visited 1 branch of the dungeon, and saw 5 of its levels.

You collected 133 gold pieces.

Inventory:

Hand Weapons
 a - a +0 war axe (weapon)
Armour
 j - a +1 pair of gloves (worn)
 k - a +3 leather armour (worn)
 A - a +0 helmet (worn)
Rods
 y - a -3 rod of clouds (11/11)
   (You found it on level 5 of the Dungeon)
Jewellery
 r - an amulet of regeneration (around neck)
 v - an uncursed ring of fire
Wands
 x - a wand of polymorph (10/24)
Scrolls
 e - 4 scrolls of identify
 i - 2 scrolls of immolation {unknown}
 l - 4 scrolls of remove curse {unknown}
 n - a scroll of enchant weapon {unknown}
 o - 2 scrolls of amnesia {unknown}
 q - 3 scrolls of blinking {unknown}
 t - a scroll of enchant armour {unknown}
 w - 2 scrolls of magic mapping {unknown}
 B - a scroll of noise {unknown}
Potions
 c - a potion of curing
 d - a potion of might
 p - a potion of invisibility
 s - 2 potions of flight
 u - a potion of haste
Comestibles
 f - 3 bread rations
 g - a beef jerky
 h - 3 meat rations
 m - 18 fruits
 z - a slice of pizza


   Skills:
 + Level 6.7 Fighting
 * Level 9.3 Axes
 - Level 3.2 Armour
   Level 3.2 Shields


You had 6 spell levels left.
You didn't know any spells.

Dungeon Overview and Level Annotations

Branches:
Dungeon (5/15)
 Temple: D:4-7

Altars:
Fedhas
Gozag
Hepliaklqana

Shops:
D:5 }

Annotations:
D:5 Pikel


Message History

You barely miss the centaur. You hit the iguana. The centaur barely misses you.
The iguana bites you.
* * * LOW HITPOINT WARNING * * *
You closely miss the centaur. You barely miss the iguana.
The centaur closely misses you. The centaur hits you.
* * * LOW HITPOINT WARNING * * *
The iguana bites you!
* * * LOW HITPOINT WARNING * * *
You hit the centaur.
The centaur is lightly wounded.
You completely miss the iguana.
The centaur hits you but does no damage.
The iguana misses you.
You slash the centaur!
The centaur is almost dead.
You hit the iguana.
You kill the iguana!
Beogh accepts your kill. The centaur hits you.
You die...

#...## #...........?.#
#...# #............
#...## ##............
#.[..#####..............
#.....#.................
#.....#............ ....
#.....#......##..# .....
#.....#......##((##.....
#.....#......c@.(.......
#.....#.................
#..÷..#........(........
#.....#.......).........
#.....#.................
#.....#.....)...........
#.....##.....##..∩......
#.....##.....##!........
#.......#+#..##..##.....


You could see a centaur.

Vanquished Creatures
  The ghost of mrwookie the Magician, an amateur DrCj (D:4)
  Menkaure (D:5)
  A slave (D:5)
  2 howler monkeys (D:4)
  A crimson imp (D:5)
  An orc wizard (D:4)
  A jelly (D:5)
  2 iguanas (D:5)
  3 worker ants (D:4)
  A worker ant zombie (D:5)
  6 adders
  A shadow imp (D:5)
  2 adder skeletons (D:5)
  5 worms
  2 dart slugs
  4 leopard geckos
  7 orcs
  A ball python (D:3)
  2 giant cockroaches (D:1)
  2 goblins
  3 hobgoblins
  3 quokkas
  2 bats
  4 frilled lizards
  7 kobolds
  A leopard gecko skeleton (D:4)
  4 rats
70 creatures vanquished.

Notes
Turn   | Place    | Note
-------+----------+-------------------------------------------
     0 | D:1      | DarkTechnomancer the Hill Orc Fighter began the quest for the Orb.
     0 | D:1      | Reached XP level 1. HP: 19/19 MP: 1/1
   186 | D:1      | Reached skill level 3 in Axes
   258 | D:1      | Reached XP level 2. HP: 25/27 MP: 2/2
  1010 | D:2      | Reached XP level 3. HP: 29/33 MP: 3/3
  1282 | D:2      | Found a blossoming altar of Fedhas.
  1336 | D:2      | Reached skill level 4 in Axes
  1606 | D:3      | Reached XP level 4. HP: 39/41 MP: 4/4
  1719 | D:3      | Reached skill level 5 in Axes
  2247 | D:4      | Reached XP level 5. HP: 35/47 MP: 5/5
  2379 | D:4      | Reached skill level 5 in Fighting
  2379 | D:4      | Reached skill level 6 in Axes
  2444 | D:4      | Reached XP level 6. HP: 49/56 MP: 6/6
  2528 | D:4      | Reached skill level 7 in Axes
  2582 | D:4      | Noticed mrwookie's ghost (amateur DrCj)
  2599 | D:4      | Killed mrwookie's ghost
  2599 | D:4      | Reached skill level 8 in Axes
  2599 | D:4      | Reached XP level 7. HP: 30/63 MP: 7/7
  2913 | D:4      | Became a worshipper of Beogh the Brigand
  2958 | D:5      | Entered Level 5 of the Dungeon
  2961 | D:5      | Noticed Pikel
  3008 | D:5      | Noticed Menkaure
  3015 | D:5      | Killed Menkaure
  3137 | D:5      | Found a hazy altar of Hepliaklqana.
  3216 | D:5      | Found a hazy altar of Hepliaklqana.
  3262 | D:5      | Found an opulent altar of Gozag.
  3315 | D:5      | Reached skill level 9 in Axes
  3507 | D:5      | Found Fulofiv's Gadget Shoppe.
  3528 | D:5      | HP: 2/64 [iguana (8)]
  3530 | D:5      | Slain by a centaur

Skill      XL: |  1  2  3  4  5  6  7 |
---------------+----------------------+-----
Axes           | 3 4 5 6 8 9 |  9.3
Fighting       | 4 5 6 |  6.7
Armour         | |  3.2
Shields        | |  3.2

Action                   |  1- 3 |  4- 6 |  7- 9 || total
-------------------------+-------+-------+-------++-------
Melee: War axe           |   102 |    79 |    64 ||   245
Invok: Convert to Beogh  |       |       |     1 ||     1
  Use: Potion            |     2 |     1 |       ||     3
       Scroll            |       |     2 |     1 ||     3
  Eat: Chunk             |     2 |     4 |     3 ||     9
Armor: Scale mail        |    63 |    13 |       ||    76
       Leather armour    |       |    30 |    21 ||    51
Dodge: Dodged            |    52 |    43 |    37 ||   132
